 Dungeon Crawl Stone Soup version 0.14-a0-2080-ge317583 (webtiles) character file.

235 Piginabag the Skirmisher (level 5, 0/47 HPs)
             Began as a Draconian Chaos Knight on Jan 24, 2014.
             Was a Plaything of Xom.
             Slain by Crazy Yiuf
             ... wielding a +4,+3 quarterstaff of chaos
              (3 damage)
             ... while paralysed by Crazy Yiuf
             ... on Level 2 of the Dungeon.
             The game lasted 00:03:48 (1728 turns).

Piginabag the Skirmisher (Draconian Chaos Knight)   Turns: 1728, Time: 00:03:49

HP   0/47        AC  5     Str 15      XL: 5   Next: 19%
MP   5/5         EV  2     Int 12      God: Xom
Gold 74          SH  0     Dex 11      Spells:  0 memorised,  4 levels left

rFire  . . .     SeeInvis .     a - +0 spear (chaos)
rCold  . . .     Clarity  .     (armour unavailable)
rNeg   . . .     Conserve .     (no shield)
rPois  .         rCorr    .     (helmet restricted)
rElec  .         rRot     .     (no cloak)
SustAb + .       Spirit   .     (no gloves)
rMut   .         Warding  .     (no boots)
Saprov . . .     Stasis   .     (no amulet)
MR     .....                    l - ring of flight
                                e - ring of sustain abilities

@: paralysed, drained, not resistant to hostile enchantments, unstealthy
A: unfitting armour, deformed body, AC +5
a: Renounce Religion, Evoke Flight


You were on level 2 of the Dungeon.
You worshipped Xom.
You were a favourite toy of Xom.
You were not hungry.

You visited 1 branch of the dungeon, and saw 2 of its levels.

You collected 74 gold pieces.

Inventory:

Hand weapons
 a - a +0,+0 spear of chaos (weapon)
Comestibles
 c - a bread ration
 f - a pear
Scrolls
 b - 2 scrolls of curse jewellery
 h - a scroll of remove curse
 i - a scroll of identify
 j - a scroll of enchant weapon II {unknown}
Jewellery
 e - a ring of sustain abilities (left hand)
 l - a ring of flight (right hand)
Potions
 d - a potion of magic {unknown}
 g - a potion of might {unknown}
 k - a potion of flight {unknown}
 m - a potion of poison {unknown}


   Skills:
 + Level 4.7(3.9) Fighting
 + Level 3.9(3.1) Polearms
 + Level 3.2(2.4) Dodging
 + Level 1.1(0.4) Stealth


You had 4 spell levels left.
You didn't know any spells.

Dungeon Overview and Level Annotations

Branches:
Dungeon (2/16)

Altars:
Cheibriados

Annotations:
D:2 Crazy Yiuf


Innate Abilities, Weirdness & Mutations

Your plain brown scales are hard (AC +5).
Your body does not fit into most forms of armour.
Your cold-blooded metabolism reacts poorly to cold.
Your body is misshapen.


Message History

There is an open door here.
You see here a hammer.
You barely miss Crazy Yiuf. Crazy Yiuf barely misses you.
You barely miss Crazy Yiuf.
Crazy Yiuf hits you with a quarterstaff of chaos!
You feel drained.
You hit Crazy Yiuf. You freeze Crazy Yiuf.
Crazy Yiuf is lightly wounded.
Crazy Yiuf hits you with a quarterstaff of chaos.
You suddenly lose the ability to move!
Crazy Yiuf hits you with a quarterstaff of chaos!
* * * LOW HITPOINT WARNING * * *
You feel drained.
* * * LOW HITPOINT WARNING * * *
Xom grants you some temporary aid.
Crazy Yiuf hits you with a quarterstaff of chaos!
* * * LOW HITPOINT WARNING * * *
Crazy Yiuf burns you.
You die...
Xom yawns loudly!

#...# #######) #...#
#......( #####
#...[... ##.....)
#...... ♣♣♣##......
#####♣♣♣♣♣♣♣##......
#)5)#♣♣♣♣♣♣f.#......
#.g@')♣♣♣♣ff........
#))5#♣))♣)f♣........
#####♣♣♣)♣)..#......
♣♣♣♣♣♣♣♣##..(...
♣♣♣♣♣♣########


You could see Crazy Yiuf, a friendly quasit and a friendly white imp.

Vanquished Creatures
  Jessica (D:2)
  3 adders (D:2)
  A giant gecko (D:1)
  2 ball pythons
  7 bats
  3 giant cockroaches
  3 gnolls (D:2)
  10 goblins
  6 hobgoblins
  2 jackals (D:1)
  3 quokkas (D:2)
  2 giant newts
  8 kobolds
  2 rats (D:2)
  A fungus (D:2)
54 creatures vanquished.

Vanquished Creatures (collateral kills)
  An agate snail (D:2)
1 creature vanquished.

Vanquished Creatures (others)
  A giant cockroach zombie (D:1)
1 creature vanquished.

Grand Total: 56 creatures vanquished

Notes
Turn   | Place    | Note
--------------------------------------------------------------
     0 | D:1      | Piginabag, the Draconian Chaos Knight, began the quest for the Orb.
     0 | D:1      | Reached XP level 1. HP: 19/19 MP: 1/1
   143 | D:1      | Reached XP level 2. HP: 24/26 MP: 2/2
   262 | D:1      | XOM: potion effect (might)
   385 | D:1      | Reached XP level 3. HP: 29/33 MP: 3/3
   635 | D:2      | Reached skill level 4 in Fighting
   733 | D:2      | XOM: silly message
   926 | D:2      | XOM: silly message
   952 | D:2      | XOM: harmless Ice miscast
   962 | D:2      | XOM: give mutation
   962 | D:2      | Gained mutation: Your body is misshapen. [Xom's mischief]
   968 | D:2      | Reached XP level 4. HP: 23/40 MP: 4/4
  1053 | D:2      | Noticed Jessica
  1057 | D:2      | XOM: confuse monster(s)
  1064 | D:2      | Killed Jessica
  1107 | D:2      | XOM: cast spell 'Blink'
  1414 | D:2      | XOM: mild Hex miscast
  1456 | D:2      | Noticed an agate snail
  1457 | D:2      | XOM: summons friendly ufetubus
  1506 | D:2      | Killed an agate snail
  1506 | D:2      | Reached skill level 1 in Stealth
  1506 | D:2      | Reached XP level 5. HP: 47/47 MP: 5/5
  1515 | D:2      | Found a snail-covered altar of Cheibriados.
  1605 | D:2      | XOM: medium Erth miscast
  1721 | D:2      | Noticed Crazy Yiuf
  1726 | D:2      | Paralysed by Crazy Yiuf for 4 turns
  1728 | D:2      | XOM: summons 2 friendly demons
  1728 | D:2      | Slain by Crazy Yiuf

Action                   |  1- 3 |  4- 6 || total
-------------------------+-------+-------++-------
Melee: Spear             |   119 |    88 ||   207
  Use: Scroll            |       |     3 ||     3
 Stab: Paralysed         |     3 |     4 ||     7
       Confused          |     1 |       ||     1
       Petrified         |       |     2 ||     2
